 Dungeon Crawl Stone Soup version 0.30-a0-718-geaa24f58ff (webtiles) character file.

Game seed: 6691183311236287034

111 tilp the Shield-Bearer (level 5, 0/46 HPs)
             Began as a Meteoran Fighter on Jan 25, 2023.
             Slain by a gnoll
             ... wielding a +0 spear
              (3 damage)
             ... on level 3 of the Dungeon.
             The game lasted 00:05:37 (1288 turns).

tilp the Shield-Bearer (Meteoran Fighter)           Turns: 1288, Time: 00:05:37

Health: 0/46       AC: 12    Str: 18    XL:     5   Next: 39%
Magic:  6/6        EV:  8    Int:  9    God:
Gold:   174        SH:  5    Dex: 15    Spells: 4/4 levels left

rFire   . . .      SeeInvis .    b - +0 scimitar
rCold   . . .      Faith    .    c - +0 buckler
rNeg    . . .      Spirit   .    n - +0 chain mail
rPois   .          Reflect  .    (no helmet)
rElec   .          Harm     .    k - +2 cloak
rCorr   .          Rampage  .    (no gloves)
Will    .....                    (no boots) Stlth
                                 (no amulet)
HPRegen 0.27/turn                i - ring of flight
MPRegen 0.10/turn                (no ring)

@: flying, glowing
A: sense surroundings 1, otherworldly, glowing, explore regen
a: no special abilities


You were on level 3 of the Dungeon.
You visited 1 branch of the dungeon, and saw 4 of its levels.

You collected 174 gold pieces.

Inventory:

Hand Weapons
 a - a +1 long sword
 b - a +0 scimitar (weapon)
Missiles
 g - 5 boomerangs (quivered)
 h - 22 stones
 o - 2 atropa-tipped darts
Armour
 c - a +0 buckler (worn)
 k - a +2 cloak (worn)
 n - a +0 chain mail (worn)
Jewellery
 i - a ring of flight (left hand)
Potions
 d - 2 potions of might
 e - a potion of curing {unknown}
 f - a potion of mutation {unknown}
 j - a potion of haste {unknown}
 l - a potion of brilliance {unknown}
 m - a potion of lignification {unknown}
 p - a potion of attraction {unknown}


   Skills:
 + Level 3.6 Fighting
 + Level 3.1 Long Blades
 + Level 1.2 Throwing
 - Level 4.0 Armour
 * Level 3.0 Dodging
 + Level 1.0 Stealth
 - Level 4.0 Shields


You had 4 spell levels left.
You didn't know any spells.
Your spell library was empty.

Dungeon Overview and Level Annotations

Branches:
Dungeon (4/15) Zot: 1067
 Temple: D:4-7

Altars:
Vehumet
The Shining One


Innate Abilities, Weirdness & Mutations

You passively map a small area around you.
You are easily found by Zot.
You glow in the dark.
You regain HP and MP as you explore.


Message History

You slash the gnoll!
The gnoll is severely wounded.
The gnoll barely misses you. The gnoll hits you with a +0 club.
You barely miss the gnoll.
The gnoll is severely wounded.
The gnoll hits you from afar with a +0 halberd!
You block the gnoll's attack.
You barely miss the gnoll.
The gnoll is severely wounded.
The gnoll hits you from afar with a +0 halberd.
The gnoll hits you with a +0 club.
You hit the gnoll.
You kill the gnoll!
The gnoll hits you from afar with a +0 halberd.
The gnoll hits you but does no damage. The gnoll hits you with a +0 halberd!
* * * LOW HITPOINT WARNING * * *
You see here a +0 club.
You closely miss the gnoll. You block the gnoll's attack.
The gnoll hits you with a +0 halberd!
* * * LOW HITPOINT WARNING * * *
The gnoll hits you but does no damage. The gnoll barely misses you.
You closely miss the gnoll. The gnoll hits you but does no damage.
The gnoll hits you with a +0 halberd.
* * * LOW HITPOINT WARNING * * *
You slash the gnoll!
You kill the gnoll!
The gnoll hits you from afar with a +0 spear.
* * * LOW HITPOINT WARNING * * *
Your Dodging skill increases to level 3!
Your Stealth skill increases to level 1!
The gnoll barely misses you.
Things that are here:
a +0 halberd; a gnoll corpse You hit the gnoll.
The gnoll is lightly wounded.
The gnoll hits you but does no damage. The gnoll completely misses you.
You closely miss the gnoll.
The gnoll is lightly wounded.
The gnoll hits you with a +0 spear.
You die...

.... .#.# * ###. , #.
.. , #.*###. * .# *
#.*... ,, ..., #. ..
* **** .... * #.#.##
* * ..... .... *
,##+## #.....####.##
...... ,
......g@)...#..##
...... ,
......####<.#...
...... ..... #...#..#
.#..# #... #..##..# *
....## ### #..##.^#
......*** ,
#..#...##### ...... ,
#........... . ......
* *
#.####.#..#...####. *
.......
#...................,


You could see a gnoll.

Vanquished Creatures
  An orc priest (D:3)
  2 gnolls (D:3)
  2 worms
  A dart slug (D:1)
  6 orcs (D:3)
  4 ball pythons
  3 bats
  2 endoplasms
  2 giant cockroaches
  3 goblins
  2 hobgoblins
  3 jackals (D:3)
  3 frilled lizards
  8 kobolds
  3 rats
45 creatures vanquished.

Notes
Turn   | Place    | Note
-------+----------+-------------------------------------------
     0 | D:1      | tilp the Meteoran Fighter began the quest for the Orb.
     0 | D:1      | Reached XP level 1. HP: 19/19 MP: 2/2
    93 | D:1      | Reached XP level 2. HP: 26/26 MP: 3/3
   284 | D:1      | Noticed a great orb of eyes
   288 | D:1      | Reached skill level 1 in Dodging
   288 | D:1      | Found a faded altar of an unknown god.
   291 | D:1      | Noticed a golden eye
   291 | D:1      | Noticed a shining eye
   291 | D:1      | Noticed a floating eye
   350 | D:2      | Reached XP level 3. HP: 31/31 MP: 4/4
   628 | D:3      | Found a glowing golden altar of the Shining One.
   760 | D:3      | Reached XP level 4. HP: 38/38 MP: 5/5
   771 | D:3      | Reached skill level 1 in Throwing
   843 | D:3      | Reached XP level 5. HP: 26/45 MP: 6/6
   862 | D:3      | Found a radiant altar of Vehumet.
  1285 | D:3      | HP: 2/45 [gnoll/+0 spear (4)]
  1286 | D:3      | Reached skill level 1 in Stealth
  1288 | D:3      | Slain by a gnoll

Illustrated notes

Levels and vault maps discovered:
D:1:      eino_arrival_cavern_c, layout_basic,
          hellmonk_ecumenical_altar_watching_god, kennysheep_small_spiral,
          minmay_door_square, minmay_tetromino_s2
D:2:      layout_basic, chequers_mini_garden
D:3:      layout_basic, vehumet_crystals, amcnicky_altar_gilded,
          minmay_box_of_dots
D:4:      layout_rooms, temple_hall, serial_shops, kennysheep_mini_moat,
          hex_medium

Skill      XL: |  1  2  3  4  5 |
---------------+----------------+-----
Dodging        | 1 2 3 |  3.0
Throwing       | 1 |  1.2
Armour         | 4 |  4.0
Shields        | 4 |  4.0
Long Blades    | 3 |  3.1
Stealth        | 1 |  1.0
Fighting       | |  3.6

Action                     |  1- 3 |  4- 6 || total
---------------------------+-------+-------++-------
  Melee: Long sword        |    85 |    45 ||   130
         Scimitar          |       |    14 ||    14
    Use: Scroll            |     4 |     3 ||     7
         Potion            |     1 |       ||     1
 Armour: Scale mail        |    58 |       ||    58
         Chain mail        |     1 |    41 ||    42
  Dodge: Dodged            |    46 |    17 ||    63
  Block: Buckler           |    19 |    11 ||    30

Table legend: (Time is in decaauts)
 A = Elapsed time spent in this place.
 B = Non-inter-level travel time spent in this place.
 C = Inter-level travel time spent in this place.
 D = Time resting spent in this place.
 E = Time spent auto-exploring this place.
 F = Levels seen in this place.
 G = Mean time per level.
                   A        B        C        D        E       F      G
               +--------+--------+--------+--------+--------+-----+--------+
         Total |   1331 |   1156 |    175 |      0 |      0 |   4 |  332.8 |
       Dungeon |   1331 |   1156 |    175 |      0 |      0 |   4 |  332.8 |
               +--------+--------+--------+--------+--------+-----+--------+

Top non-repeatable levels by time:
     D:2: 619 daAuts
     D:3: 378 daAuts
     D:1: 306 daAuts
     D:4: 26 daAuts
